cohdb
Replays
Latest Replays
All Replays
Popular Replays
Top Player Replays
Match Explorer
How It Works
Community
CoH3 Stats
Reddit
Sign in to upload your games and track your stats! →
Sign in with Steam
Match 43587444
Unlisted
Match 43587444
Overview
Messages
Build Orders
End
Engineer Squad
Construct Barracks
Selects Armored Battlegroup
Selects Veteran Crews
1⁄4-ton 4x4 Truck
Riflemen Squad
Riflemen Squad
Riflemen Squad
Construct Medical Station
Mechanized Support Center
Engineer Squad
Construct Tank Depot
Selects Field Repairs
Selects War Machine
M4A1 Sherman Medium Tank
Designate Forward Repair Station
Salvage Crew
M4A1 Sherman Medium Tank
M4A1 76mm Conversion
Grenade Package
Selects Strength in Steel
M4A1(76) Sherman Medium Tank
Improvised Armor
Selects Seek and Destroy
M4A1(76) Sherman Medium Tank
Rapid Repairs
M4A1(76) Sherman Medium Tank
M1918 Browning Automatic Rifles
JEFG
Seocheon
ManOfWar
Kimse
0
0
Comments
sign in to comment!
No comments posted yet!